 Dungeon Crawl Stone Soup version 0.20.1-1-g8b1a95d (webtiles) character file.

2513 renl the Carver (level 9, -2/69 HPs)
             Began as a Demonspawn Fighter on July 19, 2017.
             Was an Initiate of Qazlal.
             Killed from afar by an electric eel (4 damage)
             ... with a bolt of electricity
             ... on level 6 of the Dungeon.
             The game lasted 00:26:57 (5591 turns).

renl the Carver (Demonspawn Fighter)                Turns: 5591, Time: 00:26:58

Health: -2/69      AC: 11    Str: 20    XL:     9   Next: 29%
Magic:  0/9        EV: 11    Int: 10    God:    Qazlal [......]
Gold:   363        SH: 12    Dex: 18    Spells: 8/8 levels left

rFire    . . .     SeeInvis .   a - +0 long sword
rCold    + . .     Gourm    .   c - +0 shield
rNeg     . . .     Faith    .   M - +2 leather armour {rC+}
rPois    .         Spirit   +   (no helmet)
rElec    .         Reflect  +   i - +0 cloak
rCorr    +         Harm     .   q - +0 pair of gloves
MR       .....                  (no boots)
Stlth    ++........             I - +2 amulet of reflection
Regen    0.3/turn               g - ring of resist corrosion
MPRegen  0.3/turn               E - +3 ring of protection

@: very slow
A: talons 1, thin skeletal structure 3, demonic guardian 1, magic shield, magic
regeneration
a: Renounce Religion


You were on level 6 of the Dungeon.
You worshipped Qazlal.
Qazlal was noncommittal.
You were not hungry.

You visited 2 branches of the dungeon, and saw 7 of its levels.

You collected 363 gold pieces.

Inventory:

Hand Weapons
 a - a +0 long sword (weapon)
Armour
 c - a +0 shield (worn)
 i - a +0 cloak (worn)
 q - a +0 pair of gloves (worn)
 M - a +2 leather armour of cold resistance (worn)
Jewellery
 g - a ring of resist corrosion (left hand)
 j - an uncursed amulet of magic regeneration
 E - a +3 ring of protection (right hand)
 H - an uncursed amulet of faith
 I - a +2 amulet of reflection (around neck)
Wands
 k - a wand of polymorph (0/24)
 t - a wand of digging (15/24)
 A - a wand of flame (14/48)
 J - a wand of random effects (25/48)
 K - a wand of lightning (10/15)
Scrolls
 e - 6 scrolls of identify
 h - 4 scrolls of teleportation {unknown}
 m - 4 scrolls of remove curse {unknown}
 n - 2 scrolls of recharging {unknown}
 s - 2 scrolls of random uselessness {unknown}
 v - 2 scrolls of magic mapping {unknown}
 w - a scroll of fog {unknown}
 x - a scroll of enchant weapon {unknown}
 y - 3 scrolls of enchant armour {unknown}
 B - a scroll of amnesia {unknown}
Potions
 d - 3 potions of might
 l - 2 potions of cancellation
 o - 2 potions of lignification
 r - 6 potions of curing
 u - a potion of brilliance
 z - 2 potions of heal wounds
 D - a potion of degeneration {unknown}
Books
 L - a book of Air

   Spells                             Type                      Level
   a - Shock                          Conjuration/Air              1
   b - Swiftness                      Charms/Air                   2
   c - Static Discharge               Conjuration/Air              3
   d - Airstrike                      Air                          4
   e - Lightning Bolt                 Conjuration/Air              5
Comestibles
 f - 3 bread rations
 p - 3 meat rations
 C - a royal jelly
 F - 4 fruits
 G - 4 chunks of flesh


   Skills:
 * Level 5.8 Fighting
 * Level 8.3 Long Blades
 + Level 5.3 Armour
 + Level 2.5 Dodging
 + Level 4.7 Shields
 + Level 1.2 Evocations


You had 8 spell levels left.
You didn't know any spells.

Dungeon Overview and Level Annotations

Branches:
Dungeon (6/15)             Temple (1/1) D:6

Altars:
Ashenzari
Cheibriados
Dithmenos
Elyvilon
Fedhas
Gozag
Hepliaklqana
Kikubaaqudgha
Makhleb
Nemelex Xobeh
Okawaru
Qazlal
Ru
Sif Muna
Trog
Uskayaw
Vehumet
Xom
Yredelemnul
Zin
The Shining One

Shops:
D:4 =


Innate Abilities, Weirdness & Mutations

You have sharp toenails.
You have an unnaturally thin skeletal structure. (Dex +6, Stealth++)
A weak demonic guardian rushes to your aid.
When hurt, damage is shared between your health and your magic reserves.
You regenerate magic rapidly.


Message History

The bolt of electricity hits you!
* * * LOW HITPOINT WARNING * * *
Your unstable footing causes you to fumble your attack.
The electric eel shoots out a bolt of lightning at you!
The bolt of electricity hits you!
* * * LOW HITPOINT WARNING * * *
You closely miss the electric eel. You claw the electric eel.
The electric eel is heavily wounded.
The electric eel shoots out a bolt of lightning at you!
The bolt of electricity hits you!
* * * LOW HITPOINT WARNING * * *
You hit the electric eel.
The electric eel is severely wounded.
Your unstable footing causes you to fumble your attack.
You closely miss the electric eel.
The electric eel is severely wounded.
Your unstable footing causes you to fumble your attack.
The electric eel shoots out a bolt of lightning at you!
The bolt of electricity hits you!
You die...

≈ .........##.. ≈≈≈≈≈≈♣
Po...###....... ≈≈≈≈≈≈≈
≈≈.............. ≈≈≈≈≈≈≈
♣♣..............
≈≈≈≈≈≈≈♣♣ ....####......
≈≈≈≈≈≈≈≈♣♣....####......
≈≈≈≈≈≈≈P♣P#.............
≈≈≈≈≈≈≈;≈≈..............
≈≈≈≈≈≈≈@≈≈.........###.#
≈≈≈≈≈≈≈♣≈.......## #.#
≈♣≈≈≈≈≈≈♣♣))#.##. ###
≈≈≈≈≈PP≈♣♣))# #.########
≈≈≈≈≈P≈≈♣≈..# #.#.......
P♣P≈≈♣≈≈♣#..# #.........
≈≈PPP≈≈♣##..# #.........
≈≈≈≈≈≈♣≈....# #..#######
♣≈P≈♣≈.###.# #[.# #


You could see an electric eel.

Vanquished Creatures
  Grinder (D:3)
  Sigmund (D:6)
  Eustachio (D:6)
  Duvessa (D:6)
  An orc warrior (D:6)
  An ice beast (D:6)
  2 ogres
  A bullfrog (D:6)
  Dowan (D:6)
  2 crimson imps
  7 orc priests
  2 hounds (D:4)
  6 orc wizards
  Crazy Yiuf (D:3)
  2 centaur skeletons (D:4)
  3 iguanas
  Ijyb (D:4)
  5 worker ants
  2 hound skeletons (D:4)
  7 gnolls
  13 adders
  A howler monkey skeleton (D:6)
  An adder skeleton (D:6)
  3 worms
  3 dart slugs
  4 leopard geckos
  20 orcs
  2 ball pythons
  8 bats
  7 giant cockroaches
  11 goblins
  5 hobgoblins
  A quokka (D:3)
  A ball python skeleton (D:4)
  5 frilled lizards
  4 kobolds
  2 quokka skeletons
  4 rats
143 creatures vanquished.

Vanquished Creatures (collateral kills)
  The ghost of Gukra the Destroyer, a novice DsCj (D:6)
  A naga (D:6)
  A crimson imp (D:6)
  An orc priest (D:3)
  4 orcs
  2 goblins (D:3)
10 creatures vanquished.

Grand Total: 153 creatures vanquished

Notes
Turn   | Place    | Note
-------+----------+-------------------------------------------
     0 | D:1      | renl the Demonspawn Fighter began the quest for the Orb.
     0 | D:1      | Reached XP level 1. HP: 18/18 MP: 1/1
   105 | D:1      | Gained mutation: You have sharp toenails. [demonic ancestry]
   105 | D:1      | Reached XP level 2. HP: 18/24 MP: 2/2
   291 | D:1      | Reached skill level 2 in Long Blades
   928 | D:2      | Gained mutation: When hurt, damage is shared between your health and your magic reserves. [demonic ancestry]
   928 | D:2      | Reached XP level 3. HP: 29/29 MP: 3/3
  1165 | D:2      | Gained mutation: A weak demonic guardian rushes to your aid. [demonic ancestry]
  1165 | D:2      | Reached XP level 4. HP: 13/37 MP: 2/4
  1985 | D:3      | Reached skill level 3 in Long Blades
  1985 | D:3      | Gained mutation: You have a somewhat thin skeletal structure. (Dex +2, Stealth) [demonic ancestry]
  1985 | D:3      | Reached XP level 5. HP: 26/42 MP: 5/5
  1997 | D:3      | Found an opulent altar of Gozag.
  2001 | D:3      | Noticed Grinder
  2015 | D:3      | Paralysed by Grinder for 4 turns
  2022 | D:3      | Paralysed by Grinder for 2 turns
  2029 | D:3      | Killed Grinder
  2029 | D:3      | Reached skill level 4 in Long Blades
  2029 | D:3      | Reached skill level 1 in Dodging
  2029 | D:3      | Gained mutation: You have a moderately thin skeletal structure. (Dex +4, Stealth+) [demonic ancestry]
  2029 | D:3      | Reached XP level 6. HP: 17/48 MP: 0/6
  2739 | D:3      | Found a sacrificial altar of Ru.
  2794 | D:3      | Gained mutation: You regenerate magic rapidly. [demonic ancestry]
  2794 | D:3      | Reached XP level 7. HP: 48/55 MP: 5/7
  2850 | D:3      | Found a runed door.
  2855 | D:3      | Noticed Crazy Yiuf
  2859 | D:3      | Killed Crazy Yiuf
  2920 | D:3      | Found an ancient bone altar of Kikubaaqudgha.
  2921 | D:3      | Found a blossoming altar of Fedhas.
  2965 | D:3      | Reached skill level 5 in Long Blades
  3097 | D:4      | Found Ryfaf's Jewellery Shoppe.
  3296 | D:4      | Noticed Ijyb
  3305 | D:4      | Killed Ijyb
  3466 | D:4      | Reached skill level 5 in Fighting
  3466 | D:4      | Reached skill level 6 in Long Blades
  3472 | D:4      | Found a burning altar of Makhleb.
  3472 | D:4      | Noticed an Executioner
  3482 | D:4      | Noticed a ynoxinul
  3482 | D:4      | Noticed a neqoxec
  3673 | D:5      | Entered Level 5 of the Dungeon
  3775 | D:5      | Gained mutation: You have an unnaturally thin skeletal structure. (Dex +6, Stealth++) [demonic ancestry]
  3775 | D:5      | Reached XP level 8. HP: 62/62 MP: 8/8
  4086 | D:5      | Found a deep blue altar of Sif Muna.
  4088 | D:5      | Found a burning altar of Makhleb.
  4700 | D:6      | Noticed Gukra's ghost (novice DsCj)
  4794 | D:6      | Killed Gukra's ghost
  4794 | D:6      | Reached skill level 7 in Long Blades
  4794 | D:6      | Reached skill level 1 in Evocations
  5153 | D:6      | Noticed Sigmund
  5157 | D:6      | Killed Sigmund
  5157 | D:6      | Reached skill level 5 in Armour
  5157 | D:6      | Reached XP level 9. HP: 59/68 MP: 9/9
  5179 | D:6      | Noticed Dowan
  5181 | D:6      | Noticed Duvessa
  5200 | D:6      | Killed Duvessa
  5216 | D:6      | Killed Dowan
  5250 | D:6      | Found a staircase to the Ecumenical Temple.
  5252 | D:6      | Reached skill level 8 in Long Blades
  5274 | Temple   | Entered the Ecumenical Temple
  5392 | Temple   | Became a worshipper of Qazlal Stormbringer
  5422 | D:6      | Noticed Eustachio
  5470 | D:6      | Killed Eustachio
  5587 | D:6      | HP: 1/69 [electric eel/bolt of electricity (8)]
  5591 | D:6      | Killed from afar by an electric eel

Skill      XL: |  1  2  3  4  5  6  7  8  9 |
---------------+----------------------------+-----
Long Blades    | 2 3 4 6 7 8 |  8.3
Shields        | 3 4 |  4.7
Armour         | 3 4 5 |  5.3
Fighting       | 4 5 |  5.8
Dodging        | 1 2 |  2.5
Evocations     | 1 |  1.2

Action                   |  1- 3 |  4- 6 |  7- 9 || total
-------------------------+-------+-------+-------++-------
Melee: Long sword        |    83 |   150 |   286 ||   519
       Kick              |    19 |    47 |   121 ||   187
       Unarmed           |       |     8 |       ||     8
Evoke: Wand              |       |       |     9 ||     9
  Use: Scroll            |       |     4 |     1 ||     5
       Potion            |       |     2 |       ||     2
 Stab: Sleeping          |       |       |     3 ||     3
       Distracted        |       |       |     1 ||     1
  Eat: Chunk             |     1 |     6 |     9 ||    16
Armor: Scale mail        |    44 |    90 |   108 ||   242
       Leather armour    |       |       |     5 ||     5
Dodge: Dodged            |    23 |    53 |    98 ||   174
Block: Shield            |    35 |   102 |   167 ||   304
       Reflection        |       |       |     1 ||     1
       Rpst.: Long sword |    12 |    13 |    33 ||    58
